[ AOE2 MATCH · #504868799 ]
UnrankedMagyars vs Malay
Player's team · LOSS
Rival team · WIN
[ REPLAY ANALYSIS · EXTRACTED FROM THE RECORDED GAME ]
Feudal
10:40
Castle
19:01
Imperial
—
| APM avg | 96.0 |
| APM peak | 152 |
| eAPM avg | 43.0 |
| Villagers / military | 50 / 112 |
Focus
⚔️ 29.3% · 🌾 70.7%
Magyar Huszar ×97 · Mangonel ×11 · Scorpion ×4
Feudal
8:12
Castle
19:31
Imperial
—
| APM avg | 59.1 |
| APM peak | 87 |
| eAPM avg | 28.3 |
| Villagers / military | 140 / 130 |
Focus
⚔️ 40.6% · 🌾 59.4%
Archer ×118 · Militia ×5 · Mangonel ×4 · Monk ×2 · Spearman ×1
Match map
Initial resources + every placement click. Lines = walls · curves = elevation contours. ◆ gold · ⬟ stone · ● berries · ✦ relic · ◌ wall gap
Your base· Open — unwalled flank
DK | Kongen_42's base· Open — 8t gap
Smoothed initial terrain · ◌ = detected wall gap · hover for details
Inputs per minute
— Fs.Wolverine - - DK | Kongen_42
Build order — Fs.Wolverine
First 150 of 230 actions detected
| 0:01 | Create | Villager (Male) |
| 0:02 | Build | House |
| 0:03 | Build | House |
| 0:06 | Create | Villager (Male) |
| 0:07 | Create | Villager (Male) |
| 0:10 | Create | Villager (Male) |
| 1:24 | Build | Lumber Camp |
| 1:25 | Create | Villager (Male) |
| 1:25 | Create | Villager (Male) |
| 2:00 | Create | Villager (Male) |
| 2:01 | Create | Villager (Male) |
| 2:29 | Create | Villager (Male) |
| 2:29 | Create | Villager (Male) |
| 2:56 | Create | Villager (Male) |
| 2:56 | Create | Villager (Male) |
| 3:15 | Create | Villager (Male) |
| 3:15 | Create | Villager (Male) |
| 3:39 | Create | Villager (Male) |
| 3:40 | Create | Villager (Male) |
| 3:45 | Research | Loom |
| 3:46 | Create | Villager (Male) |
| 4:02 | Build | Palisade Wall |
| 4:29 | Build | House |
| 4:31 | Create | Villager (Male) |
| 4:31 | Create | Villager (Male) |
| 4:32 | Create | Villager (Male) |
| 4:32 | Create | Villager (Male) |
| 5:09 | Build | Palisade Wall |
| 5:24 | Build | Palisade Wall |
| 5:48 | Create | Villager (Male) |
| 5:55 | Build | Mill |
| 6:08 | Build | House |
| 6:14 | Create | Villager (Male) |
| 6:34 | Build | Palisade Wall |
| 6:35 | Build | Palisade Wall |
| 6:35 | Build | Palisade Wall |
| 6:49 | Create | Villager (Male) |
| 7:12 | Create | Villager (Male) |
| 7:31 | Create | Villager (Male) |
| 7:42 | Build | Palisade Wall |
| 7:44 | Build | Palisade Wall |
| 7:45 | Build | Palisade Wall |
| 7:47 | Build | Palisade Wall |
| 7:48 | Build | Palisade Wall |
| 7:48 | Build | Palisade Wall |
| 8:03 | Build | Mining Camp |
| 8:05 | Create | Villager (Male) |
| 8:25 | Research | Feudal Age |
| 8:46 | Build | Farm |
| 8:47 | Build | Farm |
| 8:50 | Build | Farm |
| 8:55 | Build | Farm |
| 9:35 | Build | Farm |
| 10:05 | Build | House |
| 10:10 | Create | Villager (Male) |
| 10:40 | Age | Feudal Age |
| 10:45 | Build | Watch Tower |
| 10:51 | Create | Villager (Male) |
| 10:54 | Build | Watch Tower |
| 11:01 | Create | Villager (Male) |
| 11:07 | Create | Villager (Male) |
| 11:20 | Build | Market |
| 11:24 | Create | Villager (Male) |
| 11:36 | Build | House |
| 12:01 | Build | Farm |
| 12:01 | Create | Villager (Male) |
| 12:21 | Create | Villager (Male) |
| 12:41 | Build | Palisade Wall |
| 12:43 | Build | Farm |
| 12:45 | Create | Villager (Male) |
| 13:09 | Build | House |
| 13:12 | Build | Palisade Wall |
| 13:16 | Build | Farm |
| 13:31 | Build | House |
| 13:37 | Build | House |
| 14:05 | Create | Villager (Male) |
| 15:10 | Create | Villager (Male) |
| 15:38 | Build | Blacksmith |
| 15:44 | Create | Villager (Male) |
| 16:21 | Research | Castle Age |
| 16:21 | Research | Castle Age |
| 16:35 | Build | Mining Camp |
| 17:37 | Create | Villager (Male) |
| 17:42 | Build | Farm |
| 17:44 | Build | Farm |
| 17:46 | Build | Farm |
| 19:01 | Age | Castle Age |
| 19:04 | Build | Castle |
| 19:23 | Create | Villager (Male) |
| 19:26 | Research | Scale Barding Armor |
| 19:47 | Build | Farm |
| 19:49 | Build | Farm |
| 19:57 | Create | Villager (Male) |
| 20:08 | Create | Magyar Huszar |
| 20:14 | Create | Villager (Male) |
| 20:23 | Create | Villager (Male) |
| 20:41 | Create | Magyar Huszar |
| 20:41 | Create | Magyar Huszar |
| 20:57 | Create | Magyar Huszar |
| 20:57 | Create | Magyar Huszar |
| 21:26 | Create | Magyar Huszar |
| 21:45 | Build | Siege Workshop |
| 22:11 | Create | Scorpion |
| 22:20 | Create | Magyar Huszar |
| 22:20 | Create | Magyar Huszar |
| 22:38 | Create | Magyar Huszar |
| 22:38 | Create | Magyar Huszar |
| 22:38 | Create | Magyar Huszar |
| 23:01 | Create | Scorpion |
| 23:01 | Create | Scorpion |
| 23:01 | Create | Scorpion |
| 23:23 | Create | Magyar Huszar |
| 23:28 | Create | Magyar Huszar |
| 23:39 | Create | Magyar Huszar |
| 23:39 | Create | Magyar Huszar |
| 23:39 | Create | Magyar Huszar |
| 23:59 | Create | Magyar Huszar |
| 23:59 | Create | Magyar Huszar |
| 24:23 | Create | Magyar Huszar |
| 24:24 | Create | Magyar Huszar |
| 24:43 | Create | Mangonel |
| 24:43 | Create | Mangonel |
| 25:26 | Research | Chain Barding Armor |
| 25:27 | Research | Chain Barding Armor |
| 25:50 | Create | Magyar Huszar |
| 25:50 | Create | Magyar Huszar |
| 25:51 | Create | Magyar Huszar |
| 26:16 | Create | Magyar Huszar |
| 26:16 | Create | Magyar Huszar |
| 26:16 | Create | Magyar Huszar |
| 26:23 | Create | Magyar Huszar |
| 26:23 | Create | Magyar Huszar |
| 26:49 | Create | Magyar Huszar |
| 26:54 | Build | Lumber Camp |
| 27:20 | Create | Magyar Huszar |
| 27:21 | Create | Magyar Huszar |
| 27:44 | Create | Magyar Huszar |
| 27:45 | Create | Magyar Huszar |
| 27:45 | Create | Magyar Huszar |
| 27:45 | Create | Magyar Huszar |
| 28:00 | Create | Magyar Huszar |
| 28:00 | Create | Magyar Huszar |
| 28:00 | Create | Magyar Huszar |
| 28:01 | Create | Villager (Male) |
| 28:01 | Create | Villager (Male) |
| 28:08 | Create | Magyar Huszar |
| 28:30 | Create | Magyar Huszar |
| 28:40 | Create | Mangonel |
| 28:40 | Create | Mangonel |
| 28:40 | Create | Mangonel |
Build order — DK | Kongen_42
First 150 of 415 actions detected
| 0:02 | Create | Villager (Male) |
| 0:02 | Create | Villager (Male) |
| 0:02 | Create | Villager (Male) |
| 0:04 | Build | House |
| 0:05 | Build | House |
| 0:37 | Create | Militia |
| 1:14 | Create | Villager (Male) |
| 1:45 | Create | Villager (Male) |
| 2:08 | Create | Villager (Male) |
| 2:31 | Create | Villager (Male) |
| 3:02 | Create | Villager (Male) |
| 3:09 | Build | Lumber Camp |
| 3:21 | Build | House |
| 3:25 | Create | Villager (Male) |
| 3:29 | Create | Militia |
| 3:44 | Create | Villager (Male) |
| 4:09 | Create | Villager (Male) |
| 4:27 | Create | Villager (Male) |
| 4:44 | Create | Militia |
| 5:05 | Create | Villager (Male) |
| 5:16 | Build | House |
| 5:20 | Research | Loom |
| 5:42 | Build | House |
| 6:01 | Create | Villager (Male) |
| 6:13 | Create | Villager (Male) |
| 6:52 | Create | Villager (Male) |
| 6:54 | Research | Feudal Age |
| 7:48 | Build | Mining Camp |
| 7:52 | Create | Villager (Male) |
| 8:12 | Age | Feudal Age |
| 8:15 | Create | Spearman |
| 8:21 | Research | Double-Bit Axe |
| 8:29 | Create | Villager (Male) |
| 9:01 | Create | Villager (Male) |
| 9:10 | Research | Man-at-Arms (upgrade) |
| 9:10 | Research | Man-at-Arms (upgrade) |
| 9:22 | Create | Villager (Male) |
| 9:50 | Create | Villager (Male) |
| 10:01 | Build | Archery Range |
| 10:03 | Build | House |
| 10:04 | Build | House |
| 10:14 | Create | Militia |
| 10:27 | Create | Militia |
| 10:30 | Create | Villager (Male) |
| 10:32 | Build | House |
| 10:52 | Create | Archer |
| 10:52 | Create | Archer |
| 11:04 | Create | Villager (Male) |
| 11:05 | Build | House |
| 11:10 | Build | Mill |
| 11:19 | Build | House |
| 11:53 | Create | Villager (Male) |
| 11:54 | Create | Archer |
| 11:58 | Build | Blacksmith |
| 12:11 | Create | Villager (Male) |
| 12:12 | Create | Archer |
| 12:29 | Create | Villager (Male) |
| 12:41 | Create | Archer |
| 12:54 | Build | Farm |
| 13:03 | Create | Villager (Male) |
| 13:20 | Build | Farm |
| 13:24 | Create | Archer |
| 13:34 | Create | Villager (Male) |
| 13:36 | Build | Farm |
| 13:54 | Create | Villager (Male) |
| 13:56 | Build | Farm |
| 13:58 | Build | Farm |
| 14:02 | Build | Farm |
| 14:55 | Create | Villager (Male) |
| 14:57 | Research | Fletching |
| 14:58 | Create | Archer |
| 15:20 | Create | Villager (Male) |
| 15:21 | Build | Farm |
| 15:23 | Build | Farm |
| 15:32 | Create | Archer |
| 15:33 | Create | Villager (Male) |
| 15:34 | Build | Farm |
| 15:51 | Create | Villager (Male) |
| 15:52 | Build | Farm |
| 15:55 | Create | Archer |
| 16:12 | Build | Market |
| 16:28 | Build | Farm |
| 16:34 | Create | Archer |
| 16:43 | Create | Villager (Male) |
| 16:45 | Build | Farm |
| 17:03 | Create | Archer |
| 17:09 | Create | Villager (Male) |
| 17:11 | Create | Archer |
| 17:13 | Build | Archery Range |
| 17:55 | Research | Castle Age |
| 18:10 | Create | Archer |
| 18:33 | Create | Archer |
| 18:50 | Create | Archer |
| 18:50 | Create | Archer |
| 18:54 | Build | Lumber Camp |
| 19:09 | Create | Archer |
| 19:31 | Age | Castle Age |
| 19:38 | Research | Crossbowman (upgrade) |
| 19:39 | Research | Crossbowman (upgrade) |
| 19:39 | Research | Bodkin Arrow |
| 19:39 | Research | Bodkin Arrow |
| 19:40 | Create | Villager (Male) |
| 19:43 | Research | Bow Saw |
| 19:43 | Research | Bow Saw |
| 20:00 | Create | Villager (Male) |
| 20:11 | Build | Town Center |
| 20:18 | Create | Villager (Male) |
| 20:30 | Create | Archer |
| 20:30 | Create | Archer |
| 20:40 | Create | Archer |
| 20:54 | Create | Archer |
| 20:58 | Build | House |
| 20:59 | Build | House |
| 21:09 | Create | Villager (Male) |
| 21:09 | Create | Archer |
| 21:10 | Create | Archer |
| 21:29 | Create | Villager (Male) |
| 21:43 | Create | Villager (Male) |
| 21:55 | Build | Town Center |
| 21:58 | Build | Farm |
| 22:01 | Create | Villager (Male) |
| 22:08 | Create | Archer |
| 22:12 | Build | Farm |
| 22:15 | Build | Farm |
| 22:21 | Create | Villager (Male) |
| 22:24 | Create | Archer |
| 22:24 | Create | Archer |
| 22:26 | Create | Villager (Male) |
| 22:26 | Create | Villager (Male) |
| 22:38 | Build | Farm |
| 22:41 | Create | Villager (Male) |
| 22:47 | Create | Archer |
| 22:47 | Create | Archer |
| 22:53 | Create | Archer |
| 22:56 | Create | Archer |
| 23:05 | Create | Villager (Male) |
| 23:07 | Build | Farm |
| 23:11 | Build | House |
| 23:15 | Create | Villager (Male) |
| 23:15 | Create | Villager (Male) |
| 23:18 | Build | Farm |
| 23:28 | Create | Archer |
| 23:28 | Create | Archer |
| 23:32 | Create | Villager (Male) |
| 23:32 | Create | Villager (Male) |
| 23:37 | Create | Villager (Male) |
| 23:37 | Create | Villager (Male) |
| 23:48 | Build | House |
| 23:49 | Build | House |
| 23:59 | Create | Villager (Male) |
Match timeline
| 4:02 | Fs.Wolverine · wall_segment Palisade Wall x1 |
| 5:09 | Fs.Wolverine · wall_segment Palisade Wall x1 |
| 5:24 | Fs.Wolverine · wall_segment Palisade Wall x1 |
| 6:34 | Fs.Wolverine · wall_segment Palisade Wall x1 |
| 6:35 | Fs.Wolverine · wall_segment Palisade Wall x1 |
| 6:35 | Fs.Wolverine · wall_segment Palisade Wall x1 |
| 7:42 | Fs.Wolverine · wall_segment Palisade Wall x1 |
| 7:44 | Fs.Wolverine · wall_segment Palisade Wall x1 |
| 7:45 | Fs.Wolverine · wall_segment Palisade Wall x1 |
| 7:47 | Fs.Wolverine · wall_segment Palisade Wall x1 |
| 7:48 | Fs.Wolverine · wall_segment Palisade Wall x1 |
| 7:48 | Fs.Wolverine · wall_segment Palisade Wall x1 |
| 8:12 | DK | Kongen_42 · age_up feudal |
| 10:01 | DK | Kongen_42 · first_building Archery Range |
| 10:40 | Fs.Wolverine · age_up feudal |
| 12:41 | Fs.Wolverine · wall_segment Palisade Wall x1 |
| 13:12 | Fs.Wolverine · wall_segment Palisade Wall x1 |
| 16:02 | Fs.Wolverine · first_market_sell 500 wood |
| 17:15 | DK | Kongen_42 · first_market_buy 100 food |
| 17:45 | DK | Kongen_42 · first_market_sell 100 stone |
| 18:34 | Fs.Wolverine · first_market_buy 100 stone |
| 19:01 | Fs.Wolverine · age_up castle |
| 19:04 | Fs.Wolverine · first_building Castle |
| 19:31 | DK | Kongen_42 · age_up castle |
| 21:45 | Fs.Wolverine · first_building Siege Workshop |
| 27:36 | DK | Kongen_42 · wall_segment Palisade Wall x1 |
| 27:38 | DK | Kongen_42 · wall_segment Palisade Wall x1 |
| 27:39 | DK | Kongen_42 · wall_segment Palisade Wall x1 |
| 28:02 | DK | Kongen_42 · first_building Siege Workshop |
| 29:07 | Fs.Wolverine · first_building Barracks |
| 31:20 | DK | Kongen_42 · first_building Monastery |
| 36:42 | DK | Kongen_42 · first_building Castle |
| 40:11 | DK | Kongen_42 · wall_segment Stone Wall x1 |
| 41:33 | Fs.Wolverine · resign |
[ AI ANALYSIS · 1 CREDIT ]
What really happened in this match?
Wolo.gg analyzes every decision: build order, eco, micro, common mistakes by bracket. Personalized analysis on WhatsApp or Discord in 30 seconds.
Civ guide
Magyars
Perfil
Jugador #3423351